 Dungeon Crawl Stone Soup version 0.20.1-1-g8b1a95d (webtiles) character file.

135 equalderp2856 the Skirmisher (level 4, 0/35 HPs)
             Began as a Mummy Fighter on Oct 27, 2017.
             Slain by a centaur skeleton (2 damage)
             ... on level 4 of the Dungeon.
             The game lasted 00:02:03 (1521 turns).

equalderp2856 the Skirmisher (Mummy Fighter)        Turns: 1521, Time: 00:02:03

Health: 0/35       AC:  6    Str: 19    XL:     4   Next: 96%
Magic:  4/4        EV:  7    Int:  8    God:
Gold:   76         SH: 14    Dex: 11    Spells: 3/3 levels left

rFire    x . .     SeeInvis .   a - +0 war axe
rCold    + . .     Gourm    .   c - +0 shield
rNeg     + + +     Faith    .   b - +0 scale mail
rPois    ∞         Spirit   .   (no helmet)
rElec    .         Reflect  +   (no cloak)
rCorr    .         Harm     .   (no gloves)
MR       .....                  (no boots)
Stlth    ..........             d - +5 amulet of reflection
Regen    0.2/turn               (no ring)
MPRegen  0.1/turn               (no ring)

@: no status effects
A: no food or potions, fire vulnerability, cold resistance 1, negative energy
resistance 3, torment resistance, unbreathing
a: no special abilities


You were on level 4 of the Dungeon.
You were not hungry.

You visited 1 branch of the dungeon, and saw 4 of its levels.

You collected 76 gold pieces.

Inventory:

Hand Weapons
 a - a +0 war axe (weapon)
Armour
 b - a +0 scale mail (worn)
 c - a +0 shield (worn)
Jewellery
 d - a +5 amulet of reflection (around neck)
 g - a cursed ring of loudness {unknown}
Scrolls
 e - 2 scrolls of identify {unknown}
 f - 2 scrolls of immolation {unknown}
 h - a scroll of blinking {unknown}


   Skills:
 + Level 3.4 Fighting
 + Level 2.6 Axes
 + Level 3.0 Armour
 + Level 0.2 Dodging
 + Level 0.1 Stealth
 + Level 3.3 Shields


You had 3 spell levels left.
You didn't know any spells.

Dungeon Overview and Level Annotations

Branches:
Dungeon (4/15)
 Temple: D:4-7

Altars:
Hepliaklqana


Innate Abilities, Weirdness & Mutations

You do not eat or drink.
Your flesh is vulnerable to fire.
You are immune to poison.
Your flesh is cold resistant. (rC+)
You are immune to negative energy. (rN+++)
You are immune to unholy pain and torment.
You can survive without breathing.


Message History

The orc priest hits you with a falchion. x2
You closely miss the orc priest.
The orc priest is almost dead.
The orc priest mumbles some strange prayers to Beogh against you.
Beogh smites you!
* * * LOW HITPOINT WARNING * * *
You hit the orc priest.
You kill the orc priest!
Your Armour skill increases to level 3!
The centaur skeleton hits you.
* * * LOW HITPOINT WARNING * * *
You slash the centaur skeleton!
The centaur skeleton is moderately damaged.
You block the centaur skeleton's attack.
The centaur skeleton hits you but does no damage.
You hit the centaur skeleton.
The centaur skeleton is moderately damaged.
The centaur skeleton hits you but does no damage.
The centaur skeleton hits you.
You die...

#.###.#####
#.#.#.##.#
#..........
#.#.#....#
#..........
#.#.#.#..#
#..........
#.#.###..#####
#...(......
#.#.........<#
#....o.....
#.############
#...oZ..... #.#
###.#.##########.#
#o..##.....Z@..#
##..##.#########
#.(##.# #..##Z#
##>...# ######


You could see a centaur skeleton.

Vanquished Creatures
  An orc priest (D:4)
  An iguana (D:2)
  3 adders
  An ooze (D:1)
  3 leopard geckos
  5 orcs
  5 bats
  A giant cockroach (D:3)
  5 goblins
  5 hobgoblins
  A quokka (D:2)
  3 frilled lizards
  4 kobolds
  2 rats
40 creatures vanquished.

Notes
Turn   | Place    | Note
-------+----------+-------------------------------------------
     0 | D:1      | equalderp2856 the Mummy Fighter began the quest for the Orb.
     0 | D:1      | Reached XP level 1. HP: 18/18 MP: 1/1
   101 | D:1      | Reached XP level 2. HP: 19/24 MP: 2/2
   863 | D:2      | Reached XP level 3. HP: 26/29 MP: 3/3
  1102 | D:3      | Reached XP level 4. HP: 35/35 MP: 4/4
  1117 | D:3      | Found a hazy altar of Hepliaklqana.
  1519 | D:4      | HP: 1/35 [centaur skeleton (5)]
  1521 | D:4      | Slain by a centaur skeleton

Skill      XL: |  1  2  3  4 |
---------------+-------------+-----
Axes           | 2 |  2.6
Shields        | 3 |  3.3
Armour         | 3 |  3.0
Fighting       | |  3.4
Dodging        | |  0.2
Stealth        | |  0.1

Action                   |  1- 3 |  4- 6 || total
-------------------------+-------+-------++-------
Melee: War axe           |   102 |    60 ||   162
Armor: Scale mail        |    34 |    18 ||    52
Dodge: Dodged            |    27 |    11 ||    38
Block: Shield            |    93 |    47 ||   140
       Reflection        |     2 |     3 ||     5
